 Dungeon Crawl Stone Soup version 0.18.1-48-g4cf74bf (webtiles) character file.

19 lawna the Sneak (level 2, 0/15 HPs)
             Began as a Spriggan Assassin on Sept 4, 2016.
             Slain by a giant newt (1 damage)
             ... on level 1 of the Dungeon.
             The game lasted 00:07:19 (859 turns).

lawna the Sneak (Spriggan Assassin)                  Turns: 859, Time: 00:07:20

Health: 0/15       AC:  3    Str:  7    XL:     2   Next: 55%
Magic:  3/3        EV: 17    Int: 12    God:
Gold:   34         SH:  0    Dex: 17    Spells: 0 memorised, 1 level left

rFire  . . .     SeeInvis +     a - +2 dagger
rCold  . . .     Gourm    .     c - +0 robe
rNeg   . . .     Faith    .     (shield restricted)
rPois  .         Spirit   .     (helmet restricted)
rElec  .         Dismiss  .     d - +0 cloak
rCorr  .         Reflect  .     (gloves unavailable)
SustAt .         Harm     .     (boots unavailable)
MR     .....                    (no amulet)
Stlth  ++++......               (no ring)
                                (no ring)

@: very quick, not resistant to hostile enchantments, stealthy
A: unfitting armour, see invisible, herbivore 3, speed 3, slow metabolism 2
a: no special abilities


You were on level 1 of the Dungeon.
You were not hungry.

You visited 1 branch of the dungeon, and saw 1 of its levels.

You collected 34 gold pieces.

Inventory:

Hand Weapons
 a - a +2 dagger (weapon)
 b - a +0 blowgun
Missiles
 e - 6 poisoned needles
 f - a curare-tipped needle (quivered)
Armour
 c - a +0 robe (worn)
 d - a +0 cloak (worn)
Scrolls
 h - a scroll of random uselessness {unknown}
 i - a scroll of blinking {unknown}
 j - a scroll of enchant armour {unknown}
 l - a scroll of amnesia {unknown}
Potions
 k - 2 potions of curing {unknown}
 m - a potion of mutation {unknown}
Comestibles
 g - 4 bread rations


   Skills:
 + Level 1.7 Fighting
 + Level 2.5 Short Blades
 + Level 2.0 Throwing
 + Level 2.3 Dodging
 + Level 6.3 Stealth


You had one spell level left.
You didn't know any spells.

Dungeon Overview and Level Annotations

Branches:
Dungeon (1/15)

Altars:


Innate Abilities, Weirdness & Mutations

You are tiny and cannot use many weapons and most armour.
You have supernaturally acute eyesight.
You are a herbivore.
You cover ground extremely quickly.
You need consume almost no food.


Message History

* * * LOW HITPOINT WARNING * * *
The giant newt barely misses you. The giant newt completely misses you.
The giant newt misses you. The giant newt barely misses you.
The giant newt barely misses you. The giant newt barely misses you.
The giant newt barely misses you. The giant newt misses you.
The giant newt barely misses you. The giant newt closely misses you.
The giant newt bites you.
* * * LOW HITPOINT WARNING * * *
The giant newt barely misses you.
The giant newt bites you but does no damage.
The giant newt bites you.
* * * LOW HITPOINT WARNING * * *
The giant newt barely misses you. The giant newt bites you.
You die...

###(....(..).......
#h#..(.##.#.#####.#
###....##.#.# ##.#####
#x#.)..(#.#[# #......#
###....##.#.# #......#
#T#....##.#.# #......#
###....##.#.# #......#
#a#....##.#.####.l....#
###....# #.....@.#
#N#.#### #########
###.# #.#......# #p#.#
#.#......# ###.#
#......(.# #p#.#
#.#......# ###.#
#.#......#
#g#.#####.#......#
###....##.#####.##


You could see a giant newt.

Vanquished Creatures
  A dart slug (D:1)
  A giant cockroach (D:1)
  A goblin (D:1)
  2 hobgoblins (D:1)
  6 bats (D:1)
  A giant newt (D:1)
  3 kobolds (D:1)
  2 rats (D:1)
17 creatures vanquished.

Notes
Turn   | Place    | Note
--------------------------------------------------------------
     0 | D:1      | lawna the Spriggan Assassin began the quest for the Orb.
     0 | D:1      | Reached XP level 1. HP: 10/10 MP: 2/2
     3 | D:1      | Noticed a tengu
     3 | D:1      | Noticed a demigod
     5 | D:1      | Noticed a minotaur
     7 | D:1      | Noticed a gargoyle
     9 | D:1      | Noticed a merfolk
     9 | D:1      | Noticed a vampire
    11 | D:1      | Noticed a vine stalker
    11 | D:1      | Noticed an ogre
    13 | D:1      | Noticed a demonspawn
    13 | D:1      | Noticed a felid
    15 | D:1      | Noticed an octopode
    17 | D:1      | Noticed a troll
    19 | D:1      | Noticed a spriggan
    19 | D:1      | Noticed a formicid
    21 | D:1      | Noticed a draconian
    21 | D:1      | Noticed a naga
    23 | D:1      | Noticed a centaur
    23 | D:1      | Noticed a human
    25 | D:1      | Noticed a ghoul
    25 | D:1      | Noticed a halfling
    27 | D:1      | Noticed an elf
    27 | D:1      | Noticed a dwarf
    52 | D:1      | Reached skill level 6 in Stealth
   193 | D:1      | Reached XP level 2. HP: 13/14 MP: 3/3
   859 | D:1      | Slain by a giant newt

Skill      XL: |  1  2 |
---------------+-------+-----
Stealth        | 6 |  6.3
Dodging        | 2 |  2.3
Fighting       | |  1.7
Short Blades   | |  2.5
Throwing       | |  2.0

Action                   || total
-------------------------++-------
Melee: Dagger            ||    49
 Stab: Sleeping          ||     1
Armor: Robe              ||    33
Dodge: Dodged            ||   155
